 Dungeon Crawl Stone Soup version 0.30-a0-585-g93115170b9 (console) character file.

Game seed: 10302161610605650234

10610 jejorda2 the Impaler (level 11, -7/81 HPs)
             Began as a Merfolk Berserker on Jan 2, 2023.
             Was a High Priest of Trog.
             Killed by divine providence
             ... invoked by an orc priest
              (13 damage)
             ... on level 9 of the Dungeon.
             The game lasted 00:31:18 (8250 turns).

jejorda2 the Impaler (Merfolk Berserker)            Turns: 8250, Time: 00:31:19

Health: -7/81      AC: 20    Str: 21    XL:     11   Next: 64%
Magic:  11/11      EV: 11    Int:  6    God:    Trog [*****.]
Gold:   273        SH:  0    Dex: 21    Spells: 10/10 levels left

rFire   + . .      SeeInvis .    a - +1 scythe (freeze)
rCold   . . .      Faith    .    (shield currently unavailable)
rNeg    . . .      Spirit   .    J - +2 chain mail {rF+}
rPois   +          Reflect  .    D - +2 hat
rElec   .          Harm     .    j - +0 cloak
rCorr   .          Rampage  .    z - +2 pair of gloves
Will    ++...                    e - +0 pair of boots Stlth
                                 (no amulet)
HPRegen 1.33/turn                o - ring of poison resistance
MPRegen 0.12/turn                A - +6 ring of dexterity

@: strong-willed, on berserk cooldown, regenerating, hasted and slowed
A: (nimble swimmer 2), mertail
a: Renounce Religion, Berserk, Trog's Hand, Brothers in Arms


You were on level 9 of the Dungeon.
You worshipped Trog.
Trog was extremely pleased with you.
You visited 1 branch of the dungeon, and saw 9 of its levels.
You also visited: Sewer.

You collected 498 gold pieces.
You spent 225 gold pieces at shops.

Inventory:

Hand Weapons
 a - a +1 scythe of freezing (weapon)
 b - a +2 heavy spear
Missiles
 c - 2 throwing nets
 d - 108 stones (quivered)
 l - 3 curare-tipped darts
 x - 15 poisoned darts
 K - a boomerang
Armour
 e - a +0 pair of boots (worn)
 j - a +0 cloak (worn)
 z - a +2 pair of gloves (worn)
 D - a +2 hat (worn)
 J - a +2 chain mail of fire resistance (worn)
Jewellery
 o - a ring of poison resistance (left hand)
 A - a +6 ring of dexterity (right hand)
Wands
 r - a wand of flame (24)
 t - a wand of mindburst (18)
 y - a wand of paralysis (6)
 C - a wand of iceblast (10)
 F - a wand of quicksilver (7)
 I - a wand of digging (4)
Scrolls
 f - a scroll of enchant weapon
 g - 2 scrolls of fear
 h - a scroll of brand weapon
 i - 9 scrolls of teleportation
 n - a scroll of immolation
 u - a scroll of poison
 w - a scroll of enchant armour
 H - a scroll of silence
Potions
 k - 6 potions of curing
 m - a potion of flight
 p - 2 potions of lignification
 q - 2 potions of resistance
 s - 2 potions of attraction
 v - a potion of mutation
 E - a potion of cancellation {unknown}
 G - a potion of degeneration {unknown}


   Skills:
 - Level 6.0 Fighting
 + Level 17.0 Polearms
 - Level 8.0 Armour
 - Level 6.0 Dodging
 + Level 3.8 Evocations


You had 10 spell levels left.
You didn't know any spells.
Your spell library was empty.

Dungeon Overview and Level Annotations

Branches:
Dungeon (9/15)             Temple (0/1) D:6           Sewer (visited)
   Lair: D:8-11         Orc: D:9-12

Altars:
Okawaru
Ru
Wu Jian

Shops:
D:8 [


Innate Abilities, Weirdness & Mutations

((You are very nimble when in or above water. (Stealth+, EV+, Speed+++)))
Your lower body shifts to a powerful aquatic tail in water.


Message History

Reach: a) +1 scythe (freeze)
Press: ? - help, Dir - move target, f/p - orc wizard
Aim: an orc wizard, wielding a +0 dagger and wearing a +0 robe (about 37% to evade your +1 scythe of freezing)
You reach to attack!
You puncture the orc wizard! You freeze the orc wizard.
The orc wizard is almost dead.
You feel sick.
The orc wizard casts a spell.
The orc wizard flickers and vanishes!
Deactivating autopickup; reactivate with Ctrl-A.
You closely miss the orc.
You feel sick.
The orc priest mumbles some strange prayers to Beogh against you.
Beogh smites you!
* * * LOW HITPOINT WARNING * * *
The orc hits you but does no damage.
You slash the orc! You freeze the orc.
You kill the orc!
Trog accepts your kill.
You feel sick.
Reach: a) +1 scythe (freeze)
Press: ? - help, Dir - move target, f - orc priest
Aim: an orc priest, wielding a +0 mace (about 31% to evade your +1 scythe of freezing)
You reach to attack!
You puncture the orc priest! You freeze the orc priest.
The orc priest is heavily wounded.
You feel sick. Something hits you.
* * * LOW HITPOINT WARNING * * *
Reach: a) +1 scythe (freeze)
Press: ? - help, Dir - move target, f/p - orc priest
Aim: an orc priest, wielding a +0 mace (heavily wounded, about 31% to evade your +1 scythe of freezing)
You reach to attack!
You closely miss the orc priest.
The orc priest is heavily wounded.
You feel sick.
The orc priest invokes the aid of Beogh against you.
Beogh smites you!
* * * LOW HITPOINT WARNING * * *
Something hits you but does no damage.
It was a potion of haste.
You feel yourself speed up.
You feel sick.
You are no longer poisoned.
The orc priest calls down the wrath of Beogh upon you.
Beogh smites you!
You die...

#.. ...##.y #.. .....#.y.
#.. .......y# #.. ........#
### #......# # ##......##
######### .........####
#.....#.. .......$o{@.#
#.....#.#
........###+#######........
....$...#........##........
.................##........
.................##........
.....#............##+###..#
.....#......#####..#.# #...
##.. #......# ##...###...
#.. #......# ##...#....


You could see an orc priest.

Vanquished Creatures
  A centaur warrior (D:9)
  2 two-headed ogres (D:9)
  A tengu warrior (D:8)
  A manticore (D:9)
  A tengu conjurer (D:8)
  A kobold demonologist (D:9)
  Grinder (D:5)
  Prince Ribbit (D:5)
  Sigmund (D:3)
  Eustachio (D:6)
  A wraith (D:9)
  4 yaks (D:9)
  3 steam dragons (D:9)
  3 vampire mosquitoes (D:8)
  Menkaure (D:6)
  Edmund (D:5)
  2 acid dragons (D:9)
  2 water moccasins
  Duvessa (D:5)
  2 black bears (D:5)
  4 orc warriors
  2 ice beasts (D:6)
  3 centaurs
  An ogre (D:6)
  A phantom (D:5)
  4 kobold brigands
  6 bullfrogs
  A necrophage (D:5)
  3 scorpions
  2 gnoll sergeants
  5 wights
  Dowan (D:5)
  18 killer bees
  A gnoll bouda (D:9)
  2 hounds (D:6)
  3 orc priests
  3 jellies
  Crazy Yiuf (D:3)
  3 iguanas
  Ijyb (D:5)
  Natasha (thrice) (D:3)
  9 orc wizards
  8 adders
  13 gnolls
  5 shadow imps
  A white imp (D:8)
  2 ufetubi
  A dart slug (D:2)
  18 orcs
  5 bats
  9 endoplasms
  13 giant cockroaches
  11 hobgoblins
  13 jackals
  6 quokkas
  15 ball pythons
  9 frilled lizards
  8 goblins
  21 kobolds
  11 rats
277 creatures vanquished.

Vanquished Creatures (collateral kills)
  A water moccasin (D:8)
  An orc wizard (D:8)
2 creatures vanquished.

Vanquished Creatures (others)
  An orc wizard (D:9)
  2 fungi
  4 plants
7 creatures vanquished.

Grand Total: 286 creatures vanquished

Notes
Turn   | Place    | Note
-------+----------+-------------------------------------------
     0 | D:1      | jejorda2 the Merfolk Berserker began the quest for the Orb.
     0 | D:1      | Reached XP level 1. HP: 18/18 MP: 1/1
   190 | D:1      | Reached XP level 2. HP: 24/24 MP: 2/2
   291 | D:1      | Found a faded altar of an unknown god.
   777 | D:2      | Found an ornate altar of the Wu Jian Council.
   796 | D:2      | Reached XP level 3. HP: 29/29 MP: 3/3
  1054 | D:2      | Reached skill level 5 in Polearms
  1186 | D:2      | You fall into a shaft and drop 2 floors!
  1222 | D:4      | Found a transporter.
  1233 | D:4      | Reached XP level 4. HP: 37/37 MP: 4/4
  1312 | D:3      | Noticed Sigmund
  1327 | D:3      | Killed Sigmund
  1328 | D:3      | Reached skill level 6 in Polearms
  1328 | D:3      | Reached XP level 5. HP: 43/43 MP: 5/5
  1328 | D:3      | Reached XP level 6. HP: 49/49 MP: 6/6
  1352 | D:3      | Reached ** piety under Trog
  1452 | D:3      | Reached skill level 7 in Polearms
  1465 | D:3      | Noticed Natasha
  1472 | D:3      | Killed Natasha
  1487 | D:3      | Found a runed translucent door.
  1488 | D:3      | Noticed Crazy Yiuf
  1494 | D:3      | Killed Crazy Yiuf
  1497 | D:3      | Identified the +9 hammer "Odyxoc" {freeze, Int+4}
  1780 | D:3      | Noticed Natasha
  1787 | D:3      | Killed Natasha
  1872 | D:3      | Found a sacrificial altar of Ru.
  1890 | D:3      | Reached skill level 5 in Dodging
  2347 | D:2      | Reached skill level 5 in Fighting
  2706 | D:3      | Found a sacrificial altar of Ru.
  2891 | D:3      | Noticed Natasha
  2901 | D:3      | Killed Natasha
  2902 | D:3      | Reached XP level 7. HP: 47/56 MP: 7/7
  3036 | D:4      | Found a transporter.
  3039 | D:4      | Reached *** piety under Trog
  3303 | D:4      | Reached skill level 8 in Polearms
  3350 | D:5      | Entered Level 5 of the Dungeon
  3520 | D:5      | Noticed Grinder
  3536 | D:5      | Killed Grinder
  3537 | D:5      | Reached skill level 9 in Polearms
  3864 | D:5      | Reached XP level 8. HP: 52/64 MP: 8/8
  3965 | D:5      | Reached skill level 10 in Polearms
  4088 | D:5      | Noticed Prince Ribbit
  4100 | D:5      | Killed Prince Ribbit
  4101 | D:5      | Reached skill level 11 in Polearms
  4110 | D:5      | Noticed Ijyb
  4117 | D:5      | Killed Ijyb
  4218 | D:5      | Noticed Edmund
  4223 | D:5      | Killed Edmund
  4224 | D:5      | Reached skill level 12 in Polearms
  4288 | D:5      | Noticed Duvessa
  4288 | D:5      | Noticed Dowan
  4299 | D:5      | Killed Duvessa
  4300 | D:5      | Reached XP level 9. HP: 40/69 MP: 9/9
  4304 | D:5      | Killed Dowan
  4477 | D:5      | Reached skill level 13 in Polearms
  4703 | D:6      | Found a glowing drain.
  4748 | Sewer    | Entered a sewer
  5088 | D:6      | Noticed Menkaure
  5093 | D:6      | Killed Menkaure
  5097 | D:6      | Reached **** piety under Trog
  5098 | D:6      | Reached skill level 14 in Polearms
  5147 | D:6      | Found a staircase to the Ecumenical Temple.
  5250 | D:6      | Noticed Eustachio
  5269 | D:6      | Killed Eustachio
  6444 | D:7      | Reached skill level 15 in Polearms
  6444 | D:7      | Reached XP level 10. HP: 76/76 MP: 10/10
  6892 | D:8      | Reached skill level 5 in Armour
  7058 | D:8      | Noticed a tengu warrior
  7062 | D:8      | Killed a tengu warrior
  7388 | D:8      | Found Igouq's Antique Armour Emporium.
  7395 | D:8      | Bought a glowing chain mail for 225 gold pieces
  7586 | D:9      | Reached skill level 16 in Polearms
  7615 | D:9      | Noticed a two-headed ogre
  7624 | D:9      | Killed a two-headed ogre
  7629 | D:9      | Reached XP level 11. HP: 81/81 MP: 11/11
  7800 | D:9      | Found an iron altar of Okawaru.
  7858 | D:9      | Noticed a sixfirhy
  7864 | D:9      | Reached skill level 1 in Evocations
  7866 | D:9      | Noticed a two-headed ogre
  7875 | D:9      | Killed a two-headed ogre
  7882 | D:9      | Reached ***** piety under Trog
  7955 | D:9      | Noticed a manticore
  7955 | D:9      | Noticed a centaur warrior
  7966 | D:9      | Killed a manticore
  7970 | D:9      | Killed a centaur warrior
  8224 | D:9      | Reached skill level 17 in Polearms
  8250 | D:9      | Killed from afar by an orc priest

Illustrated notes

Levels and vault maps discovered:
D:1:      dpeg_arrival_snail, layout_loops_ring,
          shapermc_ecumenical_altar_mp_ritualfount
D:2:      layout_basic, basic_altar, minmay_heptomino_h4
D:3:      minmay_diamond_boxcup, layout_loops_ring,
          nicolae_ru_great_annihilating_truth, minmay_cupped, uniq_natasha,
          uniq_sigmund, uniq_crazy_yiuf_cottage
D:4:      gammafunk_wand_slinger, layout_rooms
D:5:      layout_loops_cross, uniq_duvessa, uniq_edmund, uniq_grinder,
          uniq_prince_ribbit1, uniq_ijyb
D:6:      layout_gridville, minmay_temple_entry_proselytizer,
          gup_sewer_entry_glass, kennysheep_decorative_pillar,
          small_statue_intersection, uniq_eustachio, uniq_menkaure
D:7:      layout_gridville, minmay_a_box_with_orc_wizards_in_it
D:8:      layout_rooms, serial_shops, shop, st_stairs_5,
          hangedman_minor_gate_pass
D:9:      layout_basic, okawaru_altar_gauntlet_db, orc_0_dummy, minmay_bent

Skill      XL: |  1  2  3  4  5  6  7  8  9 10 11 |
---------------+----------------------------------+-----
Dodging        | 3 4 5 6 |  6.0
Polearms       | 5 6 7 9 12 15 16 17 | 17.0
Fighting       | 4 5 6 |  6.0
Armour         | 3 6 8 |  8.0
Evocations     | 3 |  3.8

Action                   |  1- 3 |  4- 6 |  7- 9 | 10-12 || total
-------------------------+-------+-------+-------+-------++-------
Melee: Spear             |   103 |    26 |       |       ||   129
       Halberd           |       |   120 |   311 |   284 ||   715
       Tailslap          |       |       |     1 |       ||     1
Throw: Stone             |     2 |     3 |     3 |     3 ||    11
       Dart              |       |       |     5 |     2 ||     7
Invok: Berserk           |     2 |     2 |     4 |     7 ||    15
       Trog's Hand       |       |       |     4 |     5 ||     9
       Brothers in Arms  |       |       |       |     1 ||     1
Evoke: Wand              |       |       |     8 |     4 ||    12
  Use: Scroll            |       |       |    22 |       ||    22
       Potion            |       |       |       |     1 ||     1
 Stab: Sleeping          |     1 |       |       |       ||     1
       Paralysed         |       |     1 |       |       ||     1
       Distracted        |       |       |     1 |       ||     1
Armor: Animal skin       |     6 |       |       |       ||     6
       Leather armour    |     5 |       |       |       ||     5
       Ring mail         |     1 |    29 |    42 |       ||    72
       Chain mail        |       |       |    33 |    49 ||    82
       Plate armour      |       |       |    18 |    78 ||    96
Dodge: Dodged            |    38 |    66 |   148 |   123 ||   375

Table legend: (Time is in decaauts)
 A = Elapsed time spent in this place.
 B = Non-inter-level travel time spent in this place.
 C = Inter-level travel time spent in this place.
 D = Time resting spent in this place.
 E = Time spent auto-exploring this place.
 F = Levels seen in this place.
 G = Mean time per level.
                   A        B        C        D        E       F      G
               +--------+--------+--------+--------+--------+-----+--------+
         Total |   8219 |   7907 |    312 |    829 |   5239 |  10 |  821.9 |
       Dungeon |   8045 |   7733 |    312 |    829 |   5189 |   9 |  893.9 |
         Sewer |    173 |    173 |      0 |      0 |     49 |   1 |  173.0 |
               +--------+--------+--------+--------+--------+-----+--------+

Top non-repeatable levels by time:
     D:3: 1240 daAuts
     D:5: 1118 daAuts
     D:7: 983 daAuts
     D:6: 870 daAuts
     D:2: 843 daAuts
     D:4: 797 daAuts
     D:8: 777 daAuts
     D:1: 751 daAuts
     D:9: 664 daAuts
   Sewer: 173 daAuts
